[Event "EU-ch 12th"]
[Site "Aix les Bains"]
[Date "2011.03.23"]
[Round "2"]
[White "Roser, Kevin"]
[Black "Vallejo Pons, Francisco"]
[Result "0-1"]
[ECO "C12"]
[WhiteElo "2423"]
[BlackElo "2707"]
[Annotator "Marchand,A/Primel,D"]
[PlyCount "106"]
[EventDate "2011.03.22"]
[EventType "swiss"]
[EventRounds "11"]
[EventCountry "FRA"]
[SourceTitle "CBM 142 Extra"]
[Source "ChessBase"]
[SourceDate "2011.06.27"]
[SourceVersion "1"]
[SourceVersionDate "2011.06.27"]
[SourceQuality "1"]
[TimeControl "40/5400+30:1800+30"]

1. e4 e6 2. d4 d5 3. Nc3 Nf6 (3... Bb4) 4. Bg5 Bb4 (4... Be7 5. e5 Nfd7 6. Bxe7
Qxe7 7. f4) 5. e5 h6 6. Bd2 {La ligne principale} (6. Be3 Ne4 7. Qg4 Kf8 8. a3
(8. Bd3 Nxc3 9. a3 Ba5 10. Bd2 Na4 11. Bxa5 Nxb2 12. Bb4+ Kg8 13. Ne2 Nxd3+ 14.
cxd3 Nc6 $132 {Estrin}) 8... Bxc3+ 9. bxc3 c5 (9... Nxc3 10. Bd3 $44)) (6. exf6
hxg5 7. fxg7 Rg8 8. h4 gxh4 9. Qg4 (9. Qh5) 9... Qf6 10. Rxh4 Qxg7 11. Qxg7
Rxg7 12. Rh8+ Kd7 $11 {Keres}) 6... Bxc3 7. bxc3 (7. Bxc3 $143 Ne4 $132) 7...
Ne4 8. Qg4 (8. Bc1 $5 Nxc3 9. Qg4 g6 10. Bd3 c5 11.
dxc5 Qa5 12. Bd2 $44) 8... Kf8 {01h32} (8... g6 {L'alternative} 9. Bc1 Nxc3 10.
Bd3 c5 11. dxc5 Nc6 12. Nf3 Qa5 13. O-O Qxc5 14. Qh4 Ne7 {Smyslov,V-Donner,J
Venice 1950 (9) 1-0} (14... Qe7 15. Bg5 Qb4 16. Qh3 Ne4 17. Bxe4 dxe4 18. Nd2
$32 {[%csl Re8] Smyslov})) (8... g5 $6 9. Bd3 Nxd2 10. Kxd2 $16 )
9. Bd3 Nxd2 10. Kxd2 {[%emt 0:01:08] Le K Blanc n'est pas trop exposé au centre
} c5 11. Nf3 (11. h4) 11... cxd4 ({RR} 11...
Nc6 12. Qf4 Qe7 13. a3 ({RR} 13. dxc5 Qxc5 14. Nd4 Nd8 ({RR} 14... Bd7 15. Rhb1
Nd8 16. a4 Rc8 17. Rb3 a6 18. h4 Rc7 19. g4 Nc6 20. Nxc6 Bxc6 21. Qb4 Qxb4 22.
cxb4 Bd7 23. Rc3 Rxc3 24. Kxc3 Ke7 25. Kd4 h5 26. gxh5 Rxh5 27. b5 b6 28. a5
Rxh4+ 29. Kc3 {Morozevich,A (2625) -Vallejo Pons,F (2450)/Pamplona 1999/CBM
069/1-0 (55)})) ({RR} 13. Rhb1 c4 14. Be2 Qa3) 13... Bd7 14. Rhb1 b6 15. Qe3
Na5 16. Ke1 ({RR} 16. dxc5 Qxc5 17. Qxc5+ bxc5 18. Bb5 Ke7) 16... Rc8 ({RR} 
16... Ke8) ({RR} 16... c4 17. Be2 Ke8) 17. Kf1 Ke8 18. Kg1 Kd8 19. h3 Kc7 ({RR
} 19... c4 20. Be2 Kc7) 20. Ba6 Rb8 21. dxc5 Qxc5 ({RR} 21... bxc5 22. c4 Rb6 (
{RR} 22... d4 23. Qd2 Nc6 24. Bb5) 23. cxd5 exd5 24. Bf1 Rhb8) 22. Nd4 Nc4 23.
Qf4 Rhf8 ({RR} 23... Rbf8 24. a4) 24. Rb4 b5 ({RR} 24... g5 25. Qg3 Nd2 26. Qe3
Ne4 27. c4) 25. Rab1 Rb6 ({RR} 25... Nxa3 26. R1b3) ({RR} 25... g5 26. Qg3 Nd2
27. Qe3) 26. Nxb5+ {Anand,V (2690) -Ivanchuk,V (2720)/Linares 1992/CBM 031/
[Anand]/1-0 (37)} ({RR} 26. Bxb5 a5 ({RR} 26... Nxa3 27. Qe3 Qe7 28. Ra1) 27.
R4b3 ({RR} 27. Bxd7 axb4 28. axb4 Qe7 29. Bb5) 27... Nxa3 28. Qe3 Qe7 29. Bxd7
Nxb1 30. Nxe6+)) 12. cxd4 Qa5+ 13. Ke2 (13. c3) 13... Nc6 $146 {Le GMI était
bien préparé et il joue vite} ({RR} 13... b6 14. Qf4 Ba6 15. Qd2 Qxd2+ 16. Kxd2
Ke7 17. a4 Bxd3 18. Kxd3 Nc6 19. c3 Rac8 20. Nd2 Na5 21. Rhb1 Rc7 22. Nb3 Rhc8
23. Nxa5 Rxc3+ 24. Kd2 Rc2+ 25. Ke1 bxa5 26. Rb7+ R8c7 27. Rab1 Kd7 28. R1b5 {
Viszlai,A (2046)-Vavrak,P (2412)/ Tatranske Zruby 2002/EXT 2005/0-1 (42)}) 14.
Qf4 b6 15. g4 {[%cal Gh2h4,Gg4g5] C'est une position critique pour les Blancs
et le plan logique est d'attaquer а l'aile-roi mais les Noirs semblent ok} (15.
h4 $5 {Une autre option plus raisonnable était plutôt de prendre de l'espace а
l'aile-roi sans vouloir forcer la position et d'obtenir un milieu de jeu avec
des chances réciproques} Ba6 16. a3 (16. Qd2 Bxd3+ 17. Qxd3 Rc8 18. c3 Ne7 19.
Rhc1 g6 20. Kf1 Kg7 21. Kg1 Rc4 (21... Rc7 22. Rc2 Rhc8 23. Rac1 b5 $15 ) 22. Nd2) 16... Rc8 17. h5 $1 {[%csl Rg7,Rh6][%cal Gf4d2] La
meilleure structure Blanche а l'aile-roi va compenser les faiblesses de
l'aile-dame} Ke7 18. Qg4 Bxd3+ 19. cxd3 Kf8 20. Rhc1 $11 ) 15... Ba6 $1 16. h4 (16. a3 {Trop lent} Rc8 $132)
16... Nb4 $36 {62 Les Blancs n'ont pas obtenu grande chose а l'aile-roi alors
que les Noirs commencent а faire pression а l'aile-dame} 17. Qd2 Rc8 18. Ne1 Ke7 (18... Bxd3+ 19. cxd3 Qa3 $132 ) 19. Ke3 Bxd3 20. cxd3 Qa4 {[%csl Rc2] 25}
(20... Qa3 $5 ) 21. a3 Nc6 (21... Nc2+
$6 22. Nxc2 Rxc2 23. Qb4+ $1 ) 22. Qb2 h5 $1 23. gxh5 Rxh5 $17
24. f4 Kd7 25. Nf3 Ne7 $1 $36 {[%csl Re3][%cal Ge7f5] La partie commence а mal
tourner pour les Blancs} 26. Rac1 Nf5+ {[%csl Re3,Gf5] 13} 27. Kf2 (27. Kd2 {
[%cal Gd2c1] Peut-être un moindre mal} Qa5+ (27... Rhh8 28. Qb4 (28. h5)) 28.
Qb4) 27... Rhh8 28. h5 g6 $1 {[%emt 0:00:28] C'est probablement déjà gagnant
pour les Noirs} 29. h6 (29. hxg6 Rxh1 30. Rxc8 Kxc8) 29... Rxh6 30. Rxc8 Kxc8 31. Rc1+ Kb7 32. Qc3 Qd7 33. a4 Rh8 34. a5 Rc8 $1 {Transposant dans une finale gagnante}
35. a6+ (35. Qxc8+) 35... Kb8 36. Qa3 Rxc1 37. Qxc1 Qa4 38. Ng5 Qa2+ 39. Kg1
Nxd4 $19 40. Qe3 Nf5 41. Qh3 Qb1+ 42. Kg2 Qc2+ 43. Kg1 Qd1+ 44. Kf2 Qd2+ 45.
Kg1 Qe1+ 46. Kg2 Nh4+ 47. Kh2 Qf2+ 48. Kh1 Nf5 49. Qh8+ Kc7 50. Nxe6+ fxe6 51.
Qh7+ Kc6 52. Qb7+ Kb5 53. Qd7+ Ka5 {André MARCHAND: Défaite de Kevin contre le
super-GMI espagnol VALLEJO-PONS malgré une bonne partie de sa part, bien qu'il
soit un peu mécontent de lui. Sa crainte maintenant pour demain : avec 0,5 pt
sur 2, rencontrer un petit Elo !} 0-1